 Dungeon Crawl Stone Soup version 0.27.1-2-g3b301248ec (webtiles) character file.

Game seed: 14265590763666445324

240 Urokeeper the Shield-Bearer (level 5, -3/49 HPs)
             Began as a Deep Dwarf Fighter on Sept 27, 2021.
             Succumbed to an orc wizard's poison
             ... on level 3 of the Dungeon.
             The game lasted 00:07:04 (1972 turns).

Urokeeper the Shield-Bearer (Deep Dwarf Fighter)    Turns: 1972, Time: 00:07:05

Health: -3/49      AC: 10    Str: 20    XL:     5   Next: 79%
Magic:  5/5        EV:  6    Int:  9    God:
Gold:   118        SH: 10    Dex: 12    Spells: 4/4 levels left

rFire    . . .     SeeInvis .   r - +1 mace (protect)
rCold    . . .     Faith    .   c - +0 kite shield
rNeg     . . .     Spirit   .   s - +0 chain mail
rPois    .         Reflect  .   (no helmet)
rElec    .         Harm     .   q - +0 cloak
rCorr    .         Rampage  .   (no gloves)
Will     .....                  (no boots)
Stlth    ..........             (no amulet)
HPRegen  0.00/turn              (no ring)
MPRegen  0.09/turn              (no ring)

@: lethally poisoned (-3 -> -17)
A: damage resistance, heal wounds, sense surroundings 1, no regeneration
a: Heal Wounds


You were on level 3 of the Dungeon.
You visited 1 branch of the dungeon, and saw 3 of its levels.

You collected 118 gold pieces.

Inventory:

Hand Weapons
 a - a +0 war axe
 h - a +0 long sword
 p - a +3 quarterstaff of chaos
 r - a +1 mace of protection (weapon)
Armour
 b - a +0 scale mail
 c - a +0 kite shield (worn)
 q - a +0 cloak (worn)
 s - a +0 chain mail (worn)
Jewellery
 n - an amulet of guardian spirit
Scrolls
 e - a scroll of magic mapping {unknown}
 f - 3 scrolls of blinking {unknown}
 g - a scroll of identify {unknown}
 l - a scroll of noise {unknown}
 m - 2 scrolls of vulnerability {unknown}
 o - a scroll of enchant armour {unknown}
 u - 3 scrolls of holy word {unknown}
Potions
 d - 2 potions of might
 i - 2 potions of lignification {unknown}
 j - a potion of mutation {unknown}
 k - a potion of curing {unknown}
 t - 2 potions of heal wounds {unknown}
 v - a potion of brilliance {unknown}


   Skills:
 + Level 3.5 Fighting
 + Level 3.3(3.5) Axes
 + Level 1.3(2.3) Maces & Flails
 + Level 4.5 Armour
 + Level 1.0 Dodging
 + Level 0.6 Stealth
 + Level 4.6 Shields


You had 4 spell levels left.
You didn't know any spells.
Your spell library was empty.

Dungeon Overview and Level Annotations

Branches:
Dungeon (3/15)

Altars:
Cheibriados


Innate Abilities, Weirdness & Mutations

You are resistant to damage.
You can heal yourself by infusing magical energy.
You passively map a small area around you.
You do not regenerate.


Message History

You closely miss the orc.
The orc is severely wounded.
Something hits you but does no damage.
You are more poisoned.
The orc hits you but does no damage.
You sock the orc!
You kill the orc!
Something hits you but does no damage. x2
You are more poisoned.
Something hits you but does no damage.
You are more poisoned.
Things that are here:
a +0 hand axe; a +0 flail; a +0 leather armour You feel sick.
You miss something.
You hear some strange, mumbled words.
A puff of flame appears from out of thin air!
The puff of flame hits you.
You hit something.
Your weapon exudes an aura of protection.
Something hits you but does no damage.
You are more poisoned.
Something hits you but does no damage.
You are more poisoned.
You hit something.
You feel very sick. Something hits you but does no damage.
You are more poisoned.
You closely miss something.
You feel very sick. Something hits you.
You are more poisoned.
You block something's attack.
Your chain mail prevents you from hitting something.
* * * LOW HITPOINT WARNING * * *
You feel extremely sick. Something hits you but does no damage.
You are lethally poisoned!
You closely miss something.
You die...

* , *#.#
#..##.#.###..##.#.# ** ,
..#.........#(###. #*,
..#..#.#...<....## ..,
.....#.#.#.##.#.#. #. **
*#.##.#.#.#.###...# , #.
#.##.#.#.#.# ##...
####.####.##.#.#.#.# ####
....?.....##.#.#.#.#### ##
.........@{).....#.รท..###.
####.##.####..............
#.# #.#.######.###. * #.#
#.#.######.#### #.#
#............## * #.##
###.######.#.## * #..# #.#
#.#... , ##.# #.# #(####
###.### #.# #.#


There were no monsters in sight!

Vanquished Creatures
  A phantom (D:3)
  Crazy Yiuf (D:2)
  3 gnolls (D:3)
  4 adders
  3 worms (D:2)
  2 dart slugs
  5 orcs
  5 endoplasms
  5 goblins
  3 hobgoblins
  7 jackals (D:1)
  2 quokkas
  7 ball pythons
  2 bats
  5 frilled lizards
  8 kobolds
  2 rats (D:2)
65 creatures vanquished.

Notes
Turn   | Place    | Note
-------+----------+-------------------------------------------
     0 | D:1      | Urokeeper the Deep Dwarf Fighter began the quest for the
                  | Orb.
     0 | D:1      | Reached XP level 1. HP: 20/20 MP: 1/1
    87 | D:1      | Reached XP level 2. HP: 22/27 MP: 2/2
   237 | D:1      | Found a faded altar of an unknown god.
   734 | D:2      | Reached XP level 3. HP: 23/34 MP: 3/3
   829 | D:2      | Found a runed translucent door.
   830 | D:2      | Noticed Crazy Yiuf
   858 | D:2      | Found a snail-covered altar of Cheibriados.
   975 | D:2      | Reached XP level 4. HP: 42/42 MP: 4/4
  1438 | D:2      | Killed Crazy Yiuf
  1625 | D:3      | Reached XP level 5. HP: 37/49 MP: 5/5
  1806 | D:3      | Noticed a phantom
  1833 | D:3      | Killed a phantom
  1834 | D:3      | Reached skill level 1 in Maces & Flails
  1834 | D:3      | Reached skill level 1 in Dodging
  1972 | D:3      | Succumbed to an orc wizard's poison

Illustrated notes

Levels and vault maps discovered:
D:1:      lemuel_arrival_cross, layout_basic, serial_rivers,
          chequers_serial_rivers_room_b, chequers_serial_rivers_room_a,
          chequers_serial_rivers_small_b, chequers_serial_rivers_small_b,
          chequers_serial_rivers_room_b,
          hellmonk_ecumenical_altar_inner_sanctum, grunt_decor_fettered,
          palyth_stone_intersect, lemuel_old_faithful
D:2:      layout_basic, basic_altar, uniq_crazy_yiuf_cottage
D:3:      layout_loops_ring

Skill      XL: |  1  2  3  4  5 |
---------------+----------------+-----
Fighting       | 3 |  3.5
Shields        | 4 |  4.6
Armour         | 4 |  4.5
Axes           | 3 |  3.3
Maces & Flails | 1 |  1.3
Dodging        | 1 |  1.0
Stealth        | |  0.6

Action                   |  1- 3 |  4- 6 || total
-------------------------+-------+-------++-------
Melee: War axe           |    98 |    31 ||   129
       Mace              |       |    85 ||    85
 Abil: Heal Wounds       |     2 |     2 ||     4
Armor: Scale mail        |    33 |    16 ||    49
       Chain mail        |       |    63 ||    63
Dodge: Dodged            |    28 |    15 ||    43
Block: Kite shield       |    54 |    58 ||   112
